 Dungeon Crawl Stone Soup version 0.31-a0-446-g07c4bd200f (console) character file.

Game seed: 3961823280171092900

1642 Ignak the Ogre Mage (level 8, -1/80 HPs)
             Began as an Ogre Hedge Wizard on Aug 3, 2023.
             Was a Believer of Sif Muna.
             Slain by a kobold brigand
             ... wielding a +0 war axe
              (10 damage)
             ... in a bailey.
             The game lasted 00:21:53 (6327 turns).

Ignak the Ogre Mage (Ogre Hedge Wizard)             Turns: 6327, Time: 00:21:54

Health: -1/80      AC:  9    Str: 15    XL:     8   Next: 99%
Magic:  11/16      EV: 15    Int: 17    God:    Sif Muna [**....]
Gold:   305        SH:  0    Dex:  8    Spells: 7/18 levels left

rFire   . . .        w - +6 spear (venom)
rCold   . . .        (no shield)
rNeg    . . .        C - +2 robe
rPois   .            c - +0 hat
rElec   .            g - scarf {shadows}
rCorr   .            (gloves unavailable)
SInv    .            (boots unavailable)
Will    .....        (no amulet)
Stlth   +            i - +4 ring of protection
HPRegen 0.33/turn    o - +5 ring of evasion
MPRegen 0.15/turn

%: no passive effects
@: on blink cooldown, very slightly contaminated
A: large, unfitting armour, tough skin 1
a: Renounce Religion, Channel Magic


You were in a bailey.
You worshipped Sif Muna.
Sif Muna was pleased with you.
You visited 2 branches of the dungeon, and saw 8 of its levels.
You also visited: Bailey.

You collected 401 gold pieces.
You spent 96 gold pieces at shops.

Inventory:

Hand Weapons
 w - a +6 spear of venom (weapon)
 x - a +1 hand axe of flaming
Missiles
 k - 13 poisoned darts (quivered)
Armour
 c - a +0 hat (worn)
 g - a scarf of shadows (worn)
 m - a +0 cloak
 z - a +0 kite shield
 C - a +2 robe (worn)
Magical Staves
 b - a staff of cold
Jewellery
 i - a +4 ring of protection (left hand)
 o - a +5 ring of evasion (right hand)
 p - a ring of flight
 r - a ring of positive energy
Wands
 A - a wand of digging (7)
Scrolls
 a - a scroll of enchant armour {unknown}
 e - a scroll of enchant weapon {unknown}
 f - 2 scrolls of vulnerability {unknown}
 h - a scroll of silence {unknown}
 j - 2 scrolls of blinking {unknown}
 n - 2 scrolls of teleportation
 u - a scroll of brand weapon
Potions
 d - a potion of magic
 t - 2 potions of brilliance


   Skills:
 + Level 5.2 Fighting
 + Level 3.5 Axes
 + Level 4.1 Dodging
 - Level 1.4 Stealth
 * Level 2.3 Shields
 - Level 1.0 Unarmed Combat
 + Level 5.9 Spellcasting
 - Level 3.0 Conjurations
 - Level 1.0 Summonings
 - Level 3.0 Translocations
 * Level 2.1 Ice Magic
 - Level 2.0 Air Magic
 - Level 2.0 Poison Magic
 + Level 0.6 Invocations


You had 7 spell levels left.
You knew the following spells:

 Your Spells              Type           Power      Damage    Failure   Level
a - Magic Dart            Conj           60%        1d6       3%          1
b - Blink                 Tloc           30%        N/A       6%          2
c - Frozen Ramparts       Ice            24%        1d4       16%         3
d - Mephitic Cloud        Conj/Pois/Air  12%        N/A       16%         3
e - Call Imp              Summ           16%        N/A       13%         2

Your spell library contained the following spells:

 Spells                   Type           Power      Damage    Failure   Level
 Cigotuvi's Dreadful Rot  Necr/Pois/Air  18%        N/A       12%         2
 Slow                     Hex            20%        N/A       13%         1
 Portal Projectile        Hex/Tloc       20%        N/A       22%         3
 Call Canine Familiar     Summ           8%         N/A       26%         3
 Inner Flame              Hex/Fire       5%         N/A       36%         3
 Leda's Liquefaction      Hex/Erth       2%         N/A       78%         4
 Petrify                  Tmut/Erth      5%         N/A       78%         4
 Metabolic Englaciation   Hex/Ice        4%         N/A       93%         5
 Yara's Violent Unravell  Hex/Tmut       2%         3d3       98%         5
 Enfeeble                 Hex            2%         N/A       100%        7


Dungeon Overview and Level Annotations

Branches:
Dungeon (7/15)             Temple (1/1) D:4          Bailey (1/1)

Altars:
Ashenzari
Cheibriados
Dithmenos
Elyvilon
Fedhas
Gozag
Kikubaaqudgha
Makhleb
Nemelex Xobeh
Okawaru
Qazlal
Sif Muna
Trog
Uskayaw
Vehumet
Wu Jian
Xom
Zin
The Shining One

Shops:
D:4 [   D:5 *


Innate Abilities, Weirdness & Mutations

You are too large for most types of armour.
You have tough skin. (AC +1)


Message History

As you read the scroll labelled HUESTRYX VAIGRE, it crumbles to dust.
You feel strangely unstable.
It was a scroll of teleportation.
You feel stable enough to blink again.
You kill the kobold brigand!
Sif Muna accepts your kill.
Your surroundings suddenly seem different.
A kobold brigand comes into view.
It is wielding a +0 war axe and quivering poisoned darts.
Your magical contamination has completely faded away.
You start resting.
A kobold brigand is nearby!
Press: ? - help, v - describe, . - travel
Here: a kobold brigand, wielding a +0 war axe and quivering curare-tipped darts The floor.
Casting: Mephitic Cloud (dangerous; 16% risk of failure)
Confirm with . or Enter, or press ? or * to list all spells.
Aiming: Mephitic Cloud (dangerous; 16% risk of failure)
Press: ? - help, Shift-Dir - straight line, f - kobold brigand
Aim: a kobold brigand, wielding a +0 war axe and quivering curare-tipped darts (chance to affect: 77%)
You miscast Mephitic Cloud.
You are very lightly contaminated with residual magic.
Nothing appears to happen.
Okay, then.
Aiming: Dig
Press: ? - help, Shift-Dir - straight line, p - kobold brigand You can't see that place.
Okay, then.
Unknown command.
Casting: Mephitic Cloud (dangerous; 16% risk of failure)
Confirm with . or Enter, or press ? or * to list all spells.
You blink.
The kobold brigand shouts!
The kobold brigand throws a poisoned dart.
The poisoned dart completely misses you.
Casting: Blink (safe; 6% risk of failure)
Confirm with . or Enter, or press ? or * to list all spells.
Okay, then.
Okay, then.
As you read the scroll of fog, it dissolves into smoke.
The kobold brigand hits you with a +0 war axe!
You die...

.~~..K....)~....#
#~~.......~~###.#
.~~.....o.~~....#
#~~..((...~~###.#
.~~.......~~....#
#~~.......~~###.#
.~K.......~~....#
#~K.......~§###§#
.~~.......~§§@K§#
#~~.......~§#####
K..~ '##


You could see a kobold brigand.

Vanquished Creatures
  3 ogres
  A centaur (D:5)
  A phantom (D:5)
  3 kobold brigands (Bailey)
  3 scorpions
  A gnoll sergeant (D:6)
  A jelly (D:4)
  An orc priest (D:2)
  A gnoll bouda (D:4)
  2 hounds
  A sleepcap (D:6)
  4 orc wizards
  9 gnolls
  5 adders
  2 worms
  5 dart slugs
  11 orcs
  2 ball pythons
  3 endoplasms
  3 giant cockroaches
  10 goblins
  4 hobgoblins (D:2)
  3 jackals
  3 quokkas
  5 bats
  4 frilled lizards
  13 kobolds
  7 rats
111 creatures vanquished.

Vanquished Creatures (collateral kills)
  An ogre (D:6)
  A kobold brigand (D:5)
  An orc priest (D:6)
  A jelly (D:5)
  4 gnolls
  A shadow imp (D:5)
  A dart slug (D:3)
  5 orcs
  A giant cockroach (D:4)
  A hobgoblin (D:4)
  2 kobolds
  A ball python (D:3)
20 creatures vanquished.

Grand Total: 131 creatures vanquished

Notes
Turn   | Place    | Note
-------+----------+-------------------------------------------
     0 | D:1      | Ignak the Ogre Hedge Wizard began the quest for the Orb.
     0 | D:1      | Reached XP level 1. HP: 16/16 MP: 5/5
   124 | D:1      | Reached skill level 1 in Conjurations
   341 | D:1      | Reached skill level 1 in Summonings
   341 | D:1      | Reached skill level 1 in Translocations
   408 | D:1      | Reached XP level 2. HP: 23/26 MP: 6/6
   415 | D:1      | Learned a level 2 spell: Blink
   418 | D:1      | Learned a level 2 spell: Call Imp
   575 | D:1      | Reached skill level 1 in Fighting
  1052 | D:2      | Reached XP level 3. HP: 26/33 MP: 5/8
  1082 | D:2      | Learned a level 3 spell: Mephitic Cloud
  1167 | D:2      | Reached skill level 1 in Unarmed Combat
  1167 | D:2      | Reached XP level 4. HP: 26/41 MP: 7/10
  1871 | D:3      | Found a broken altar of Ashenzari.
  2033 | D:3      | Found a blossoming altar of Fedhas.
  2036 | D:3      | Found a shimmering blue altar of Sif Muna.
  2217 | D:4      | Reached XP level 5. HP: 37/49 MP: 5/11
  2458 | D:4      | Found a staircase to the Ecumenical Temple.
  2466 | Temple   | Entered the Ecumenical Temple
  2567 | D:3      | Became a worshipper of Sif Muna the Loreminder
  2620 | D:4      | Reached skill level 1 in Axes
  2620 | D:4      | Reached skill level 1 in Poison Magic
  2632 | D:5      | Entered Level 5 of the Dungeon
  2717 | D:4      | Reached XP level 6. HP: 8/59 MP: 2/12
  2955 | D:3      | Reached skill level 1 in Air Magic
  3302 | D:4      | Found Plog's Antique Armour Shop.
  3309 | D:4      | Bought a glowing robe for 96 gold pieces
  3772 | D:5      | Found Kuolotum's Assorted Antiques.
  3927 | D:5      | Reached XP level 7. HP: 46/67 MP: 6/14
  4367 | D:5      | Reached * piety under Sif Muna
  4376 | D:5      | Reached skill level 5 in Spellcasting
  4828 | D:5      | Reached XP level 8. HP: 69/78 MP: 15/15
  4860 | D:5      | Found a glowing golden altar of the Shining One.
  5556 | D:6      | Learned a level 3 spell: Frozen Ramparts
  5717 | D:6      | Reached skill level 1 in Shields
  5717 | D:6      | Reached skill level 1 in Ice Magic
  6086 | D:6      | Reached skill level 5 in Fighting
  6194 | D:7      | Found a flagged portal.
  6198 | Bailey   | Entered a bailey
  6232 | Bailey   | Reached ** piety under Sif Muna
  6294 | Bailey   | HP: 4/80 [kobold brigand/+0 war axe (1)]
  6306 | Bailey   | HP: 2/80 [kobold brigand/+2 heavy war axe (8)]
  6327 | Bailey   | Slain by a kobold brigand

Illustrated notes

Levels and vault maps discovered:
D:1:      saegor_arrival_simple_b, layout_basic, nrook_mini_vaults
D:2:      layout_loops_cross
D:3:      layout_rooms, ashenzari_altar_1, grunt_temple_overflow_open
D:4:      layout_rooms, serial_shops, shop, minmay_increasing_density
D:5:      layout_loops_ring, tso_altar, serial_shops, nicolae_diamond_shop,
          grunt_ministairs_9, minmay_tree_intersection
D:6:      layout_basic
D:7:      layout_loops_ring, enter_bailey_1, nicolae_elemental_shop,
          st_stairs_2, minivault_24, minmay_misc_feat_enclosed
Temple:   regret_index_temple_waves
Bailey:   bailey_axe_3, bailey

Skill      XL: |  1  2  3  4  5  6  7  8 |
---------------+-------------------------+-----
Conjurations   | 1 2 3 |  3.0
Summonings     | 1 |  1.0
Translocations | 1 2 3 |  3.0
Dodging        | 2 3 4 |  4.1
Fighting       | 1 2 3 4 5 |  5.2
Unarmed Combat | 1 |  1.0
Spellcasting   | 4 5 |  5.9
Axes           | 1 2 3 |  3.5
Poison Magic   | 1 2 |  2.0
Air Magic      | 1 2 |  2.0
Shields        | 2 |  2.3
Ice Magic      | 2 |  2.1
Stealth        | |  1.4
Invocations    | |  0.6

Action                     |  1- 3 |  4- 6 |  7- 9 || total
---------------------------+-------+-------+-------++-------
  Melee: Dagger            |    20 |       |       ||    20
         Hand axe          |    84 |   190 |   105 ||   379
         Punch             |     1 |     3 |     2 ||     6
         Spear             |       |       |    59 ||    59
   Cast: Magic Dart        |     2 |     1 |     5 ||     8
         Call Imp          |     2 |    14 |    18 ||    34
         Mephitic Cloud    |       |     7 |    17 ||    24
         Blink             |       |     4 |     3 ||     7
         Frozen Ramparts   |       |       |     1 ||     1
    Use: Potion            |       |     8 |     3 ||    11
         Scroll            |       |     5 |     5 ||    10
   Stab: Sleeping          |     1 |     1 |       ||     2
         Confused          |       |     2 |     1 ||     3
         Distracted        |       |       |     1 ||     1
 Armour: Robe              |    52 |   109 |    77 ||   238
  Dodge: Dodged            |    55 |   138 |   104 ||   297

Table legend: (Time is in decaauts)
 A = Elapsed time spent in this place.
 B = Non-inter-level travel time spent in this place.
 C = Inter-level travel time spent in this place.
 D = Time resting spent in this place.
 E = Time spent auto-exploring this place.
 F = Levels seen in this place.
 G = Mean time per level.
                   A        B        C        D        E       F      G
               +--------+--------+--------+--------+--------+-----+--------+
         Total |   6409 |   6207 |    202 |   1173 |   2349 |   9 |  712.1 |
       Dungeon |   6218 |   6038 |    180 |   1159 |   2349 |   7 |  888.3 |
        Temple |     58 |     36 |     22 |      0 |      0 |   1 |   58.0 |
        Bailey |    131 |    131 |      0 |     14 |      0 |   1 |  131.0 |
               +--------+--------+--------+--------+--------+-----+--------+

Top non-repeatable levels by time:
     D:5: 1358 daAuts
     D:4: 1142 daAuts
     D:1: 1031 daAuts
     D:6: 948 daAuts
     D:3: 876 daAuts
     D:2: 839 daAuts
  Bailey: 131 daAuts
  Temple: 58 daAuts
     D:7: 21 daAuts
